 Dungeon Crawl Stone Soup version 0.17-a0-1760-ga6756ae (webtiles) character file.

55 g0at the Skirmisher (level 3, -1/43 HPs)
             Began as a Demonspawn Berserker on Sept 3, 2015.
             Was a Believer of Trog.
             Killed by divine providence
             ... invoked by an orc priest
              (13 damage)
             ... on level 3 of the Dungeon.
             The game lasted 00:15:53 (1315 turns).

g0at the Skirmisher (Demonspawn Berserker)          Turns: 1315, Time: 00:15:58

Health: -1/43      AC:  8    Str: 23    XL:     3   Next: 67%
Magic:  3/3        EV: 11    Int:  8    God:    Trog [**....]
Gold:   93         SH:  0    Dex: 12    Spells: 0 memorised, 2 levels left

rFire  x . .     SeeInvis .     a - +1 hand axe
rCold  + . .     Clarity  .     q - +1 ring mail
rNeg   . . .     SustAt   .     (no shield)
rPois  .         Gourm    .     f - +0 helmet
rElec  .         Spirit   .     (no cloak)
rCorr  .         Warding  .     (no gloves)
rMut   .         Stasis   .     (no boots)
MR     .....                    m - amulet of regeneration
Stlth  ..........               (no ring)
                                e - ring of ice

@: berserking, very quick, not resistant to hostile enchantments, extremely
unstealthy
A: molten scales 1, spiny 1
a: Burn Spellbooks, Berserk, Trog's Hand, Renounce Religion


You were on level 3 of the Dungeon.
You worshipped Trog.
Trog was pleased with you.
You were not hungry.

You visited 1 branch of the dungeon, and saw 3 of its levels.

You collected 93 gold pieces.

Inventory:

Hand weapons
 a - a +1 hand axe (weapon)
 d - a +0 whip
Missiles
 k - 15 poisoned needles
Armour
 b - a +0 animal skin
 f - a +0 helmet (worn)
 q - a +1 ring mail (worn)
Jewellery
 e - a ring of ice (left hand)
 l - an uncursed amulet of clarity
 m - an amulet of regeneration (around neck)
Scrolls
 c - a scroll of amnesia {unknown}
 i - 2 scrolls of enchant weapon
 p - 2 scrolls of teleportation
 t - a scroll of magic mapping {unknown}
Potions
 g - a potion of cancellation {unknown}
 j - a potion of cure mutation {unknown}
 s - a potion of mutation {unknown}
Comestibles
 h - a meat ration
 o - 3 chunks of flesh
 r - a slice of pizza


   Skills:
 + Level 3.5 Fighting
 + Level 3.3 Axes
 + Level 1.9 Armour
 + Level 2.4 Dodging
 + Level 0.2 Stealth


You had 2 spell levels left.
You didn't know any spells.

Dungeon Overview and Level Annotations

Branches:
Dungeon (3/15)

Altars:
Qazlal


Innate Abilities, Weirdness & Mutations

You are partially covered in molten scales (AC +1).
You are partially covered in sharp spines.


Message History

You feel yourself moving faster!
You feel mighty!
You feel somewhat more hungry.
The orc wizard gestures at you while chanting.
The magic dart hits you!
* * * LOW HITPOINT WARNING * * *
The orc closely misses you. The orc is struck by your spines.
You kill the orc!
Trog accepts your kill.
You closely miss the orc wizard. You hit the orc priest.
The orc priest is lightly wounded.
You hit the orc.
The orc is severely wounded.
You closely miss the orc wizard. You closely miss the orc priest.
The orc priest is lightly wounded.
You hit the orc.
You kill the orc!
Trog accepts your kill.
The orc priest calls down the wrath of Beogh upon you.
Something smites you!
You die...

######
#....#
#....#
#...<##
#.o@..#
#.o)).+
#.....#
#.....#
.....##
.......
......#+
.#......


You could see an orc priest and an orc wizard.

Vanquished Creatures
  An adder (D:2)
  A giant gecko (D:1)
  2 orcs (D:3)
  6 bats
  6 goblins
  9 hobgoblins
  3 kobolds (D:1)
  A quokka (D:2)
  2 giant cockroaches (D:2)
  4 giant newts (D:1)
  5 rats
40 creatures vanquished.

Notes
Turn   | Place    | Note
--------------------------------------------------------------
     0 | D:1      | g0at the Demonspawn Berserker began the quest for the Orb.
     0 | D:1      | Reached XP level 1. HP: 18/18 MP: 1/1
    83 | D:1      | Gained mutation: You are partially covered in molten scales (AC +1). [demonic ancestry]
    83 | D:1      | Reached XP level 2. HP: 5/24 MP: 2/2
   121 | D:1      | HP: 1/24 [giant newt (1)]
   379 | D:1      | Acquired Trog's second power
   856 | D:2      | Found a stormy altar of Qazlal.
   930 | D:2      | Gained mutation: You are partially covered in sharp spines. [demonic ancestry]
   930 | D:2      | Reached XP level 3. HP: 21/29 MP: 3/3
  1315 | D:3      | Killed from afar by an orc priest

Vault maps used:
D:1:      dpeg_arrival_shelter
D:2:      lemuel_coloured_pillars_altar, grunt_ministairs_13
D:3:      first_bread

Action                   || total
-------------------------++-------
Melee: Hand axe          ||    79
Invok: Berserk           ||     2
  Use: Potion            ||     3
       Scroll            ||     4
  Eat: Bread ration      ||     1
